 Dungeon Crawl Stone Soup version 0.29-a0-40-g8eb35efe60 (webtiles) character file.

Game seed: 14758085731046096206

2776 meatgazer the Fighter (level 9, -4/83 HPs)
             Began as a Minotaur Berserker on Feb 1, 2022.
             Was a Priest of Trog.
             Slain by Maggie (5 damage)
             ... on level 7 of the Dungeon.
             The game lasted 00:08:51 (7507 turns).

meatgazer the Fighter (Minotaur Berserker)          Turns: 7507, Time: 00:08:52

Health: -4/83      AC: 16    Str: 26    XL:     9   Next: 42%
Magic:  8/8        EV: 11    Int:  9    God:    Trog [***...]
Gold:   352        SH:  6    Dex: 16    Spells: 8/8 levels left

rFire   . . .      SeeInvis .   c - +2 short sword (protect)
rCold   + . .      Faith    .   d - +1 buckler "Suonat" {Int+5}
rNeg    . . .      Spirit   .   l - +2 ring mail {rC+}
rPois   .          Reflect  .   (helmet restricted)
rElec   .          Harm     .   (no cloak)
rCorr   .          Rampage  .   (no gloves)
Will    .....                   o - +1 pair of boots
Stlth   +.........              e - amulet of magic regeneration
HPRegen 0.23/turn               h - +4 ring of slaying
MPRegen 0.51/turn               t - +6 ring of dexterity

@: under a protective aura, mesmerised, studying Axes
A: horns 2, retaliatory headbutt
a: Renounce Religion, Berserk, Trog's Hand


You were on level 7 of the Dungeon.
You worshipped Trog.
Trog was most pleased with you.
You visited 1 branch of the dungeon, and saw 7 of its levels.

You collected 406 gold pieces.
You spent 54 gold pieces at shops.

Inventory:

Hand Weapons
 c - a +2 short sword of protection (weapon)
Armour
 d - the +1 buckler "Suonat" (worn) {Int+5}
   (You acquired it on level 5 of the Dungeon)

   Int:       It affects your intelligence (+5).
 l - a +2 ring mail of cold resistance (worn)
 o - a +1 pair of boots (worn)
 u - a +2 ring mail of fire resistance
Jewellery
 e - an amulet of magic regeneration (around neck)
 h - a +4 ring of slaying (left hand)
 i - a ring of see invisible
 m - a ring of protection from fire
 t - a +6 ring of dexterity (right hand)
 v - an amulet of faith
 x - a ring of positive energy
Wands
 f - a wand of iceblast (4)
 j - a wand of polymorph (5)
 q - a wand of paralysis (8)
Scrolls
 a - 2 scrolls of fear
 p - a scroll of magic mapping
 s - 2 scrolls of teleportation
 y - 3 scrolls of enchant weapon {unknown}
Potions
 b - a potion of berserk rage
 g - a potion of curing
 k - a potion of might
 n - 2 potions of ambrosia
 w - a potion of haste {unknown}


   Skills:
 + Level 9.3 Fighting
 + Level 7.5(7.9) Short Blades
 - Level 3.9(6.5) Long Blades
 - Level 2.4 Armour
 - Level 2.1 Dodging
 - Level 5.5 Shields
 + Level 6.0 Evocations


You had 8 spell levels left.
You didn't know any spells.
Your spell library was empty.

Dungeon Overview and Level Annotations

Branches:
Dungeon (7/15)             Temple (0/1) D:5

Altars:
Zin

Shops:
D:1 *   D:5 [

Annotations:
D:7 Maggie


Innate Abilities, Weirdness & Mutations

You have a pair of horns on your head.
You reflexively headbutt those who attack you in melee.


Message History

Maggie the Vainglorious comes into view.
She is wielding a +2 halberd of flaming.
The centaur shoots an arrow.
The arrow closely misses you.
The centaur shoots an arrow.
The arrow hits you!
The centaur shoots an arrow.
The arrow barely misses you.
Maggie casts a spell.
Maggie attempts to bespell you!
You are mesmerised by Maggie!
The centaur shoots an arrow.
The arrow closely misses you.
The centaur shoots an arrow.
The arrow hits you. You block Maggie's attack.
You are too injured to fight recklessly!
You are too injured to fight recklessly!
You are too injured to fight recklessly!
You are too injured to fight recklessly!
You are too injured to fight recklessly!
You are too injured to fight recklessly!
You are too injured to fight recklessly!
You are too injured to fight recklessly!
The centaur shoots an arrow.
The arrow hits you. Maggie casts a spell at you. The bolt of fire hits you!!
* * * LOW HITPOINT WARNING * * *
The centaur shoots an arrow.
The arrow hits you!
* * * LOW HITPOINT WARNING * * *
You feel much better.
Maggie hits you with a +2 halberd of flaming!
* * * LOW HITPOINT WARNING * * *
Maggie burns you.
* * * LOW HITPOINT WARNING * * *
The centaur shoots an arrow.
The arrow hits you but does no damage.
You are too mesmerised to rage.
You hit Maggie.
Your weapon exudes an aura of protection.
You headbutt Maggie, but do no damage.
Maggie is lightly wounded.
The centaur shoots an arrow.
The arrow hits you.
* * * LOW HITPOINT WARNING * * *
Maggie hits you with a +2 halberd of flaming!
* * * LOW HITPOINT WARNING * * *
Maggie burns you.
You die...

#...............##.....
#... #......#..#.#....
##...##......#...#.##..
#.................##.#.
#...........#....#.#.#
#...........#.....#.#
#...##......#......#
##...##......#......#
+.....@.............#
#...c@..............#
#..................#.#
####.#########....#.#.#
#. #....##.#. #.
.......#.##.. +
......#.#....
......##.....
...#.#.......


You could see Maggie (mesmerising) and a centaur.

Vanquished Creatures
  A cyclops (D:6)
  Eustachio (D:6)
  A water moccasin (D:7)
  3 black bears
  A sky beast (D:6)
  3 orc warriors (D:6)
  3 ogres (D:6)
  3 centaurs
  A scorpion (D:5)
  A gnoll sergeant (D:6)
  5 centaur zombies
  4 orc priests
  2 gnoll shamans (D:6)
  2 jellies
  A bullfrog skeleton (D:6)
  3 hounds
  4 iguanas
  4 orc wizards
  A hound zombie (D:5)
  A hound skeleton (D:5)
  A howler monkey zombie (D:6)
  3 gnolls (D:6)
  4 adders
  2 white imps (D:6)
  An adder skeleton (D:2)
  A worm (D:3)
  A dart slug (D:1)
  17 orcs
  6 ball pythons
  3 bats
  2 endoplasms
  4 giant cockroaches
  6 goblins
  15 hobgoblins
  3 jackals (D:1)
  12 kobolds
  2 quokkas (D:3)
  A frilled lizard (D:2)
  7 rats
136 creatures vanquished.

Vanquished Creatures (others)
  35 plants (D:6)
35 creatures vanquished.

Grand Total: 171 creatures vanquished

Notes
Turn   | Place    | Note
-------+----------+-------------------------------------------
     0 | D:1      | meatgazer the Minotaur Berserker began the quest for the
                  | Orb.
     0 | D:1      | Reached XP level 1. HP: 19/19 MP: 0/0
   400 | D:1      | Found Xaful's General Store.
   581 | D:1      | Reached skill level 4 in Fighting
   581 | D:1      | Reached XP level 2. HP: 25/27 MP: 1/1
  1018 | D:1      | Reached skill level 1 in Short Blades
  1739 | D:2      | Reached XP level 3. HP: 34/34 MP: 2/2
  1764 | D:2      | Found a glowing silver altar of Zin.
  2221 | D:3      | Found a faded altar of an unknown god.
  2435 | D:3      | Reached ** piety under Trog
  2572 | D:3      | Reached XP level 4. HP: 28/41 MP: 3/3
  2839 | D:3      | Reached skill level 5 in Fighting
  3137 | D:4      | Reached XP level 5. HP: 36/49 MP: 4/4
  3540 | D:4      | Reached skill level 1 in Evocations
  3580 | D:4      | Reached skill level 6 in Fighting
  3580 | D:4      | Reached XP level 6. HP: 49/57 MP: 5/5
  3986 | D:5      | Entered Level 5 of the Dungeon
  4222 | D:5      | You fall into a shaft and drop 2 floors!
  4238 | D:7      | Noticed a water moccasin
  4243 | D:7      | Killed a water moccasin
  4244 | D:7      | Reached XP level 7. HP: 45/64 MP: 6/6
  4570 | D:6      | Reached *** piety under Trog
  4674 | D:6      | Noticed Eustachio
  4679 | D:6      | Killed Eustachio
  4680 | D:6      | Reached skill level 5 in Short Blades
  4743 | D:5      | Found a staircase to the Ecumenical Temple.
  4828 | D:5      | Reached skill level 7 in Fighting
  5026 | D:5      | Identified a scroll of acquirement
  5026 | D:5      | Acquired the +1 buckler "Suonat" {Int+5}
  5132 | D:5      | Reached skill level 1 in Shields
  5132 | D:5      | Reached XP level 8. HP: 51/73 MP: 7/7
  5257 | D:5      | Found Baipolem's Armour Shoppe.
  5272 | D:5      | Bought a +0 pair of boots for 54 gold pieces
  5912 | D:6      | Noticed a cyclops
  5920 | D:6      | Reached skill level 8 in Fighting
  5926 | D:6      | Killed a cyclops
  5927 | D:6      | Reached skill level 5 in Shields
  5927 | D:6      | Reached skill level 5 in Evocations
  5928 | D:6      | Reached XP level 9. HP: 37/82 MP: 8/8
  6972 | D:6      | Reached skill level 9 in Fighting
  7026 | D:6      | Reached **** piety under Trog
  7501 | D:7      | Noticed Maggie
  7507 | D:7      | HP: 1/83 [Maggie (10)]
  7507 | D:7      | Slain by Maggie

Illustrated notes

Levels and vault maps discovered:
D:1:      sevenhm_arrival_forest_fort_small_4, layout_basic, serial_shops,
          nicolae_shop_statue_plus
D:2:      layout_basic, basic_altar, hangedman_decor_points
D:3:      layout_loops_corners, hellmonk_ecumenical_altar_pennies_from_heaven,
          minmay_fractal_squares_diagonal_5
D:4:      layout_basic, lightli_corner_chamber
D:5:      layout_loops_ring, minmay_temple_entry_nine_rooms, serial_shops,
          nicolae_shop_advertising_works [nicolae_subvault_shop_adworks]
D:6:      kennysheep_housing_project, layout_basic, small_statue_intersection,
          minmay_manual_mess, uniq_eustachio
D:7:      layout_gridville, minmay_misc_feat_secret_circle, uniq_maggie

Skill      XL: |  1  2  3  4  5  6  7  8  9 |
---------------+----------------------------+-----
Fighting       | 4 5 6 7 8 9 |  9.3
Short Blades   | 1 2 3 4 5 6 7 |  7.5
Evocations     | 1 3 4 5 6 |  6.0
Shields        | 1 5 |  5.5
Long Blades    | |  3.9
Armour         | |  2.4
Dodging        | |  2.1

Action                   |  1- 3 |  4- 6 |  7- 9 || total
-------------------------+-------+-------+-------++-------
Melee: Falchion          |    11 |       |       ||    11
       Short sword       |    61 |    71 |   181 ||   313
       Headbutt          |    11 |    19 |    46 ||    76
       Punch             |       |       |     1 ||     1
Invok: Berserk           |       |     1 |     4 ||     5
  Use: Scroll            |     3 |     2 |     6 ||    11
       Potion            |     4 |     2 |     1 ||     7
 Stab: Sleeping          |     1 |       |       ||     1
Armor: Animal skin       |     4 |       |       ||     4
       Chain mail        |    27 |    37 |    18 ||    82
       Ring mail         |       |       |    80 ||    80
Dodge: Dodged            |    40 |    25 |    95 ||   160
Block: Buckler           |       |       |    16 ||    16

Table legend: (Time is in decaauts)
 A = Elapsed time spent in this place.
 B = Non-inter-level travel time spent in this place.
 C = Inter-level travel time spent in this place.
 D = Time resting spent in this place.
 E = Time spent auto-exploring this place.
 F = Levels seen in this place.
 G = Mean time per level.
                   A        B        C        D        E       F      G
               +--------+--------+--------+--------+--------+-----+--------+
         Total |   7525 |   7406 |    119 |   1689 |   4850 |   7 | 1075.0 |
       Dungeon |   7525 |   7406 |    119 |   1689 |   4850 |   7 | 1075.0 |
               +--------+--------+--------+--------+--------+-----+--------+

Top non-repeatable levels by time:
     D:6: 1708 daAuts
     D:1: 1410 daAuts
     D:5: 1211 daAuts
     D:3: 919 daAuts
     D:4: 887 daAuts
     D:2: 782 daAuts
     D:7: 606 daAuts
